 Dungeon Crawl Stone Soup version 0.30.1-11-g7821555f0a (webtiles) character file.

Game seed: 18042296481033444276

5245 H0rd4k the Carver (level 10, -3/73 (74) HPs)
             Began as a Human Artificer on Nov 21, 2023.
             Was an Initiate of Gozag.
             Slain by a wight
             ... wielding a +2 scimitar
              (8 damage)
             ... on level 9 of the Dungeon on Nov 22, 2023.
             The game lasted 00:14:48 (10886 turns).

H0rd4k the Carver (Human Artificer)                Turns: 10886, Time: 00:14:49

HP:   -3/73 (74)    AC:  7    Str: 17    XL:     10   Next: 93%
MP:   10/10         EV: 13    Int: 16    God:    Gozag
Gold: 1184          SH:  0    Dex: 12    Spells: 9/9 levels left

rFire   . . .        b - +4 falchion (elec)
rCold   . . .        (no shield)
rNeg    + . .        L - +1 leather armour "Ihoetiorch" {rN+ Str+5 Dex-2}
rPois   .            x - +0 helmet
rElec   .            (no cloak)
rCorr   +            (no gloves)
SInv    .            g - +0 pair of boots
Will    .....        j - amulet of the acrobat
Stlth   ++           l - ring of resist corrosion
HPRegen 0.32/turn    (no ring)
MPRegen 0.12/turn

%: acrobat
@: lethally poisoned (-3 -> -9), gold aura, lightly drained
A: no striking features
a: Renounce Religion, Potion Petition, Call Merchant, Bribe Branch


You were on level 9 of the Dungeon.
You worshipped Gozag.
Gozag was most pleased with you.
You visited 1 branch of the dungeon, and saw 9 of its levels.
You also visited: Sewer.

You collected 1503 gold pieces.
You spent 231 gold pieces at shops.
You paid 88 gold pieces to Gozag.

Inventory:

Hand Weapons
 b - a +4 falchion of electrocution (weapon)
 c - a +1 flail of draining
 d - the +8 flail of Bodily Harmony {distort, SInv}
   (You found it on level 6 of the Dungeon)

   SInv:      It lets you see invisible.
 B - a +4 dagger
Missiles
 u - 46 poisoned darts
 C - 4 curare-tipped darts
Armour
 a - an orb of guile
 g - a +0 pair of boots (worn)
 x - a +0 helmet (worn)
 E - a +0 scale mail of positive energy
 L - the +1 leather armour "Ihoetiorch" (worn) {rN+ Str+5 Dex-2}
   (You bought it in a shop on level 3 of the Dungeon)

   Str:       It affects your strength (+5).
   Dex:       It affects your dexterity (-2).
   rN:        It protects you from negative energy.
Magical Staves
 i - a staff of conjuration
 r - a staff of cold
Jewellery
 j - an amulet of the acrobat (around neck)
 l - a ring of resist corrosion (left hand)
 v - an amulet of magic regeneration
 O - a ring of see invisible
Wands
 P - a wand of iceblast (5)
Scrolls
 f - 5 scrolls of teleportation
 h - 3 scrolls of blinking {unknown}
 m - a scroll of brand weapon {unknown}
 t - 4 scrolls of fear {unknown}
 w - 8 scrolls of identify {unknown}
 y - a scroll of magic mapping {unknown}
 G - a scroll of enchant weapon {unknown}
 I - a scroll of noise {unknown}
 J - 2 scrolls of amnesia {unknown}
 N - a scroll of enchant armour {unknown}
Potions
 e - 3 potions of ambrosia {unknown}
 k - 3 potions of cancellation {unknown}
 n - 3 potions of invisibility
 o - 2 potions of might {unknown}
 p - 2 potions of degeneration {unknown}
 q - 4 potions of mutation {unknown}
 s - 6 potions of heal wounds {unknown}
 z - 2 potions of lignification {unknown}
 A - a potion of attraction {unknown}
 D - 2 potions of flight {unknown}
 F - a potion of brilliance
 H - 2 potions of haste {unknown}
 K - 3 potions of curing
 M - a potion of berserk rage {unknown}


   Skills:
 + Level 5.4 Fighting
 * Level 10.9 Long Blades
 - Level 2.8 Maces & Flails
 + Level 5.4 Armour
 + Level 5.3 Dodging
 + Level 3.8 Stealth
 + Level 4.4 Evocations


You had 9 spell levels left.
You didn't know any spells.
Your spell library contained the following spells:

 Spells                   Type           Power      Damage    Failure   Level
 Beastly Appendage        Tmut           0%         N/A       30%         1
 Scorch                   Fire           0%         2d5       41%         2
 Wereblood                Tmut           0%         N/A       41%         2
 Spider Form              Tmut/Pois      0%         N/A       65%         3
 Anguish                  Hex/Necr       0%         N/A       96%         4
 Cause Fear               Hex            0%         N/A       96%         4
 Flame Wave               Conj/Fire      0%         2d4       96%         4
 Summon Cactus Giant      Summ           0%         N/A       100%        6
 Enfeeble                 Hex            0%         N/A       100%        7


Dungeon Overview and Level Annotations

Branches:
Dungeon (9/15)             Temple (0/1) D:6           Sewer (visited)
   Lair: D:8-11         Orc: D:9-12

Altars:
Dithmenos
Elyvilon
Fedhas
Gozag
Nemelex Xobeh
Sif Muna
Trog
Uskayaw
Xom
Yredelemnul
The Shining One

Shops:
D:3 *   D:6 *   D:7 (

Annotations:
D:3 exclusion: downstairs
D:7 exclusion: downstairs
D:9 exclusions: acid dragon and troll, Joseph


Message History

The killer bee stings you but does no damage.
The killer bee barely misses you.
You barely miss the killer bee.
The killer bee is almost dead.
The killer bee stings you.
You hit the killer bee.
The killer bee is almost dead.
The killer bee stings you but does no damage.
The killer bee stings you!
You are poisoned.
The killer bee poisons you!
You miss the killer bee.
The killer bee is almost dead.
You feel sick. The killer bee misses you.
You miss the killer bee.
The killer bee is almost dead.
You feel sick. The killer bee stings you.
The wight hits you with a +2 scimitar. The killer bee closely misses you.
You miss the killer bee.
The killer bee is almost dead.
You feel sick. The killer bee stings you.
You are more poisoned.
The killer bee poisons you! The wight hits you with a +2 scimitar!
* * * LOW HITPOINT WARNING * * *
You miss the killer bee.
The killer bee is almost dead.
You feel very sick. The killer bee closely misses you.
You hit the killer bee.
You kill the killer bee!
You feel sick. The wight completely misses you.
You closely miss the wight.
You feel sick. The wight hits you with a +2 scimitar!
* * * LOW HITPOINT WARNING * * *
You hit the wight.
The wight is lightly damaged.
* * * LOW HITPOINT WARNING * * *
You feel sick. The wight hits you with a +2 scimitar!
You die...
Your body crumbles into a pile of gold.

####..........#..............
.......####....#..............
....... ###..#........#..#..
....... #..#........#..#..
##+###. #..#........#..#.. #.
#..#........#..#.. #@
#..#........#..#.. +.
#..#........#..#.. #.
#@.#........#..#.. #.##
#$z##.......#..##. +###...
#...# #. ......####...# #
#....y.....## # #..........#
#.....z....# #..........#
#(.........# #


You could see a wight.

Vanquished Creatures
  A centaur warrior (D:9)
  Maurice (D:9)
  A hornet (D:8)
  A yak (D:8)
  A steam dragon (D:9)
  A water moccasin (D:9)
  An orc warrior (D:7)
  An ice beast (D:6)
  3 black bears
  A sky beast (D:8)
  An ogre (D:5)
  2 centaurs (D:9)
  2 phantoms
  3 kobold brigands
  Blork the orc (D:4)
  4 bullfrogs
  A scorpion (D:4)
  8 wights
  2 killer bees (D:9)
  5 howler monkeys
  An electric eel (D:6)
  7 jellies
  4 hounds
  4 orc priests
  Jessica (D:3)
  2 sleepcaps
  3 iguanas
  13 orc wizards
  Robin (D:2)
  4 adders
  5 river rats (Sewer)
  2 white imps
  2 ufetubi (D:6)
  3 worms
  2 dart slugs
  30 orcs
  A bat (D:1)
  11 endoplasms
  3 giant cockroaches
  10 goblins
  12 hobgoblins
  5 quokkas (D:3)
  13 ball pythons
  4 frilled lizards
  36 kobolds
  20 rats
240 creatures vanquished.

Vanquished Creatures (collateral kills)
  A yak (D:7)
  An ice beast (D:7)
  An adder (D:4)
  4 orcs
  A ball python (Sewer)
  A frilled lizard (Sewer)
  3 rats (Sewer)
12 creatures vanquished.

Vanquished Creatures (others)
  A scorpion (D:4)
  A wight (D:7)
  An orc priest (D:4)
  2 river rats (Sewer)
5 creatures vanquished.

Grand Total: 257 creatures vanquished

Notes
Turn   | Place    | Note
-------+----------+-------------------------------------------
     0 | D:1      | H0rd4k the Human Artificer began the quest for the Orb.
     0 | D:1      | Reached XP level 1. HP: 15/15 MP: 1/1
     6 | D:1      | Noticed a lindwurm
     6 | D:1      | Noticed a wolf
     6 | D:1      | Noticed a swamp drake
     7 | D:1      | Noticed an anaconda
     7 | D:1      | Noticed a killer bee
   134 | D:1      | Reached XP level 2. HP: 21/21 MP: 2/2
   560 | D:1      | Reached XP level 3. HP: 23/26 MP: 3/3
  1126 | D:2      | Found a sparkling altar of Nemelex Xobeh.
  1466 | D:2      | Reached skill level 1 in Maces & Flails
  1473 | D:2      | Reached XP level 4. HP: 29/32 MP: 4/4
  1473 | D:2      | Noticed Robin
  1476 | D:2      | Killed Robin
  1872 | D:3      | Found Vianeba's Assorted Antiques.
  1924 | D:3      | Found a large runed translucent door.
  1925 | D:3      | Found a large runed translucent door.
  1950 | D:3      | Found a faded altar of an unknown god.
  1955 | D:3      | Noticed Jessica
  1958 | D:3      | Killed Jessica
  1959 | D:3      | Reached XP level 5. HP: 37/37 MP: 5/5
  2088 | D:3      | Found a bloodstained altar of Trog.
  2239 | D:3      | Found a shadowy altar of Dithmenos.
  2262 | D:3      | Found a white marble altar of Elyvilon.
  2703 | D:4      | Reached XP level 6. HP: 31/43 MP: 6/6
  2849 | D:4      | Noticed Blork the orc
  2863 | D:4      | Killed Blork the orc
  3026 | D:4      | Reached skill level 1 in Long Blades
  3093 | D:4      | Reached XP level 7. HP: 42/50 MP: 7/7
  3246 | D:5      | Entered Level 5 of the Dungeon
  3309 | D:5      | Reached skill level 2 in Long Blades
  3528 | D:6      | Found an opulent altar of Gozag.
  3529 | D:6      | Found Gozag's Platinum Reserve.
  3538 | D:6      | Became a worshipper of Gozag Ym Sagoz the Greedy
  3554 | D:6      | Reached skill level 3 in Long Blades
  3566 | D:6      | Found a shimmering altar of Xom.
  3569 | D:6      | Found a basalt altar of Yredelemnul.
  3638 | D:6      | Found a staircase to the Ecumenical Temple.
  3650 | D:6      | Found a glowing drain.
  3670 | D:6      | Reached XP level 8. HP: 37/57 MP: 8/8
  3705 | Sewer    | Entered a sewer
  4278 | Sewer    | Reached skill level 4 in Long Blades
  4560 | D:6      | Found a blossoming altar of Fedhas.
  5559 | D:5      | Reached skill level 5 in Long Blades
  6115 | D:5      | Reached skill level 6 in Long Blades
  6292 | D:5      | Reached XP level 9. HP: 64/64 MP: 9/9
  6417 | D:3      | Bought an ichor-stained leather armour for 231 gold pieces
  6417 | D:3      | Identified the +1 leather armour "Ihoetiorch" {rN+ Str+5
                  | Dex-2} (You bought it in a shop on level 3 of the Dungeon)
  6565 | D:6      | You fall into a shaft and drop 3 floors!
  6567 | D:9      | Noticed a troll
  6659 | D:9      | Reached skill level 5 in Armour
  6768 | D:7      | Found a hide-covered altar of Uskayaw.
  6773 | D:7      | Found a shimmering blue altar of Sif Muna.
  6778 | D:7      | Found a sparkling altar of Nemelex Xobeh.
  6955 | D:7      | Reached skill level 7 in Long Blades
  7253 | D:7      | Reached skill level 8 in Long Blades
  7473 | D:7      | Found Mituschu's Weapon Shoppe.
  7789 | D:6      | Identified the +8 flail of Bodily Harmony {distort, SInv}
  7906 | D:6      | Found a glowing golden altar of the Shining One.
  8195 | D:6      | Reached XP level 10. HP: 38/73 MP: 10/10
  8536 | D:7      | Reached skill level 9 in Long Blades
 10048 | D:9      | Noticed a deep elf pyromancer
 10048 | D:9      | Noticed a centaur warrior
 10077 | D:9      | Noticed Joseph
 10087 | D:9      | Reached skill level 5 in Fighting
 10446 | D:8      | Reached skill level 10 in Long Blades
 10461 | D:9      | Killed a centaur warrior
 10628 | D:9      | Noticed Maurice
 10656 | D:8      | Reached skill level 5 in Dodging
 10697 | D:9      | Killed Maurice
 10886 | D:9      | Slain by a wight

Illustrated notes

Levels and vault maps discovered:
D:1:      onia_arrival_zoo_common, layout_basic, minmay_tree_intersection
D:2:      layout_loops_ring, basic_altar, uniq_robin
D:3:      layout_basic, jmf_multi_god_temple2, trog_butcher_becter,
          serial_shops, nicolae_shop_tiny_real_fake_doors,
          ebering_ecumenical_altar_ruins, uniq_jessica
D:4:      layout_basic, reono_crystal_passage, uniq_blork_the_orc
D:5:      layout_cave_pods, minmay_crossroads
D:6:      layout_basic, nicolae_gozag_zags_fifth_avenue,
          mainiacjoe_overflow_catch_the_wave, nicolae_overflow_squiral,
          minmay_temple_entry_glassed_door, gup_sewer_entry_glass
D:7:      layout_cave_pods, minmay_overflow_temple_star_quad, serial_shops,
          shop, st_stairs_10
D:8:      layout_cave_pods
D:9:      minmay_statue_hallways, layout_irregular_city, orc_david_3,
          minmay_mirror_moons_of_madness, uniq_maurice, uniq_harold, uniq_joseph

Skill      XL: |  1  2  3  4  5  6  7  8  9 10 |
---------------+-------------------------------+-----
Maces & Flails | 1 2 |  2.8
Stealth        | 2 3 |  3.8
Dodging        | 2 3 4 5 |  5.3
Armour         | 3 4 5 |  5.4
Fighting       | 2 3 4 5 |  5.4
Evocations     | 4 |  4.4
Long Blades    | 1 3 6 8 10 | 10.9

Action                     |  1- 3 |  4- 6 |  7- 9 | 10-12 || total
---------------------------+-------+-------+-------+-------++-------
  Melee: Club              |   137 |    24 |       |       ||   161
         Punch             |     2 |     2 |     7 |     3 ||    14
         Mace              |       |    51 |       |       ||    51
         Flail             |       |    16 |       |       ||    16
         Falchion          |       |    32 |   431 |   179 ||   642
  Evoke: Wand              |     7 |    16 |    12 |     6 ||    41
    Use: Scroll            |       |       |     1 |     2 ||     3
         Potion            |       |       |     1 |       ||     1
   Stab: Sleeping          |     4 |     3 |     2 |       ||     9
         Distracted        |       |       |     1 |       ||     1
 Armour: Leather armour    |    29 |    20 |    44 |    45 ||   138
         Scale mail        |       |    31 |   163 |       ||   194
  Dodge: Dodged            |    92 |    85 |   328 |   119 ||   624
